 Dungeon Crawl Stone Soup version 0.26-a0-8-gc4d20be (webtiles) character file.

Game seed: 13713750064658800932, levelgen mode: deterministic

217 Fedra the Sneak (level 5, -3/35 HPs)
             Began as an Octopode Assassin on May 24, 2020.
             Slain by an ogre
             ... wielding a +0 giant club
              (13 damage)
             ... on level 6 of the Dungeon.
             The game lasted 00:16:08 (2473 turns).

Fedra the Sneak (Octopode Assassin)                 Turns: 2473, Time: 00:16:08

Health: -3/35      AC:  1    Str: 10    XL:     5   Next: 94%
Magic:  5/5        EV: 13    Int: 14    God:
Gold:   106        SH:  0    Dex: 14    Spells: 4/4 levels left

rFire    . . .     SeeInvis .   e - +0 short sword (curse)
rCold    . . .     Gourm    .   (no shield)
rNeg     . . .     Faith    .   (helmet restricted)
rPois    .         Spirit   .   (no amulet)
rElec    .         Reflect  .   (no ring)
rCorr    .         Harm     .   (no ring)
MR       .....                  (no ring)
Stlth    +++++.....             (no ring)
HPRegen  0.11/turn              (no ring)
MPRegen  0.09/turn              (no ring)
                                (no ring)
                                (no ring)

@: no status effects
A: almost no armour, stealthy swim, amphibious, 8 rings, constrict 8, camouflage
1, gelatinous body 1
a: no special abilities


You were on level 6 of the Dungeon.
You were not hungry.

You visited 1 branch of the dungeon, and saw 6 of its levels.

You collected 106 gold pieces.

Inventory:

Hand Weapons
 a - a +2 dagger
 e - a cursed +0 short sword (weapon)
 g - a +0 hand axe
Missiles
 b - 14 poisoned darts (quivered)
 c - 2 curare-tipped darts
 f - 25 bolts
Scrolls
 h - a scroll of teleportation
Potions
 d - a potion of flight


   Skills:
 + Level 2.4 Fighting
 + Level 2.5 Short Blades
 + Level 3.7 Throwing
 + Level 2.0 Dodging
 + Level 7.4 Stealth


You had 4 spell levels left.
You didn't know any spells.
Your spell library was empty.

Dungeon Overview and Level Annotations

Branches:
Dungeon (6/15)
 Temple: D:4-7

Altars:
Dithmenos
Xom


Innate Abilities, Weirdness & Mutations

You cannot wear most types of armour.
You are very stealthy in the water. (Stealth+)
You are amphibious.
You can wear up to eight rings at the same time.
You can use your tentacles to constrict eight enemies at once.
Your skin changes colour to match your surroundings (Stealth+).
Your rubbery body absorbs attacks. (AC +1, EV +1)


Message History

The ogre is heavily wounded.
The ogre hits you with a +0 giant club!
* * * LOW HITPOINT WARNING * * *
Throwing (i - inventory. (/) - cycle)
b - 16 poisoned darts (quivered)
Press: ? - help, Shift-Dir - straight line, f/p - ogre
Aim: an ogre, wielding a +0 giant club (severely wounded, very poisoned)
You throw a poisoned dart. The poisoned dart hits the ogre.
The ogre looks as sick as possible!
The ogre is severely wounded.
Throwing (i - inventory. (/) - cycle)
b - 15 poisoned darts (quivered)
Press: ? - help, Shift-Dir - straight line, f/p - ogre
Aim: an ogre, wielding a +0 giant club (severely wounded, extremely poisoned)
You throw a poisoned dart. The poisoned dart hits the ogre.
The ogre looks as sick as possible!
The ogre is severely wounded.
The ogre misses you.
You hit the ogre but do no damage.
The ogre is severely wounded.
The ogre hits you with a +0 giant club!
You die...

#### #....###... ...#
##........# ##
...####....#.#.#### ##.#
...#........<.....########..#
.....##...#######..........##
...###......# #####....##.#
...##..#.##.# ###..#.....#
#####....##รท######...########
##...#####.((.O@..### ##..#.#
###.######## ...#..###...# #
..........#.## ..
####.######..### ... #.#
##...### .... ..# ###...#
.O.[. #.## ###.##.....[ #.
#.........


You could see an ogre (extremely poisoned).

Vanquished Creatures
  A crimson imp (D:3)
  A bullfrog zombie (D:6)
  A hound (D:6)
  2 worker ants (D:6)
  2 gnolls (D:2)
  2 oozes (D:2)
  2 worms
  A dart slug (D:1)
  A leopard gecko (D:3)
  An orc (D:3)
  2 giant cockroaches
  2 goblins (D:1)
  4 hobgoblins (D:1)
  6 jackals
  5 kobolds (D:1)
  A ball python skeleton (D:4)
  2 bats
  3 frilled lizards (D:1)
  3 rats
42 creatures vanquished.

Notes
Turn   | Place    | Note
-------+----------+-------------------------------------------
     0 | D:1      | Fedra the Octopode Assassin began the quest for the Orb.
     0 | D:1      | Reached XP level 1. HP: 14/14 MP: 1/1
   377 | D:1      | Reached XP level 2. HP: 14/19 MP: 2/2
   388 | D:1      | Reached skill level 6 in Stealth
   816 | D:1      | Reached XP level 3. HP: 24/24 MP: 3/3
   974 | D:2      | HP: 1/24 [gnoll/+0 whip (5)]
  1292 | D:3      | Reached skill level 7 in Stealth
  1292 | D:3      | Reached XP level 4. HP: 28/29 MP: 4/4
  1618 | D:4      | Found an iron altar of Okawaru.
  1628 | D:4      | Found an opulent altar of Gozag.
  1628 | D:4      | Found a white marble altar of Elyvilon.
  1630 | D:4      | Found a shimmering altar of Xom.
  1630 | D:4      | Found a shimmering altar of Xom.
  1630 | D:4      | Found a basalt altar of Yredelemnul.
  1992 | D:5      | Entered Level 5 of the Dungeon
  2068 | D:6      | Found a shadowy altar of Dithmenos.
  2082 | D:6      | Reached XP level 5. HP: 35/35 MP: 5/5
  2155 | D:6      | Noticed an ogre
  2458 | D:6      | Noticed an ogre
  2473 | D:6      | Slain by an ogre

Illustrated notes

Levels and vault maps discovered:
D:1:      scummos_arrival_simple_crosswalls, layout_basic
D:2:      layout_loops_cross, kennysheep_okawaru_gauntlet, first_ration
D:3:      layout_loops_ring
D:4:      layout_cave_pods, serial_shops, nicolae_shop_statue_plus,
          doesnt_xom_only_xom
D:5:      layout_basic, grunt_qazlal_sundering, amethyst_overflow_temple_binary,
          minmay_temple_entry_stoned_glass, ebering_ghost_rock_garden
D:6:      minmay_chambers_of_sixes, layout_rooms,
          grunt_dithmenos_smoke_and_mirrors

Skill      XL: |  1  2  3  4  5 |
---------------+----------------+-----
Stealth        | 6 7 |  7.4
Throwing       | 3 |  3.7
Dodging        | 2 |  2.0
Fighting       | |  2.4
Short Blades   | |  2.5

Action                   |  1- 3 |  4- 6 || total
-------------------------+-------+-------++-------
Melee: Dagger            |    54 |       ||    54
       Constrict         |    14 |     8 ||    22
       Tentacles         |     9 |    11 ||    20
       Short sword       |     6 |    30 ||    36
Throw: Dart              |    27 |    29 ||    56
  Use: Scroll            |     2 |     1 ||     3
       Potion            |       |     1 ||     1
 Stab: Sleeping          |     2 |     4 ||     6
       Distracted        |       |     1 ||     1
  Eat: Ration            |     1 |     1 ||     2
Armor: Skin              |     4 |     1 ||     5
Dodge: Dodged            |    42 |    18 ||    60

Table legend:
 A = Non-vault XP
 B = Vault XP
 C = Vault XP percentage of total XP
 D = Non-vault monster count
 E = Vault monster count
 F = Vault count percentage of total count
                 A         B        C        D         E       F
            +---------+---------+-------+---------+---------+-------
      Total |     310 |       0 |   0.0 |      42 |       0 |   0.0
            +---------+---------+-------+---------+---------+-------
        D:1 |      36 |       0 |   0.0 |      21 |       0 |   0.0
        D:2 |      43 |       0 |   0.0 |       5 |       0 |   0.0
        D:3 |      63 |       0 |   0.0 |       6 |       0 |   0.0
        D:4 |       8 |       0 |   0.0 |       3 |       0 |   0.0
        D:5 |       6 |       0 |   0.0 |       3 |       0 |   0.0
        D:6 |     154 |       0 |   0.0 |       4 |       0 |   0.0
            +---------+---------+-------+---------+---------+-------
